 Dungeon Sprint DCSS version 0.27-a0-1332-g84bddb5ca7 (webtiles) character file.

Game seed: 14163458453379102605

4065 arson the Tortoise (level 10, -1/103 HPs)
             Began as a Minotaur Fighter on June 26, 2021.
             Was a High Priest of Okawaru.
             Slain by a black mamba (12 damage)
             ... in the Dungeon (Sprint IX: "|||||||||||||||||||||||||||||").
             The game lasted 00:04:24 (799 turns).

arson the Tortoise (Minotaur Fighter)                Turns: 799, Time: 00:04:25

Health: -1/103     AC: 22    Str: 23    XL:     10   Next: 5%
Magic:  9/9        EV:  8    Int:  5    God:    Okawaru [*****.]
Gold:   0          SH: 10    Dex: 14    Spells: 9/9 levels left

rFire    . . .     SeeInvis .   g - +1 scimitar (vorpal)
rCold    . . .     Faith    .   c - +0 kite shield
rNeg     . . .     Spirit   .   b - +0 plate armour
rPois    .         Reflect  .   (helmet restricted)
rElec    .         Harm     .   p - +0 cloak
rCorr    .         Rampage  .   (no gloves)
Will     .....     NoTele   +   n - +0 pair of boots
Stlth    ..........             (no amulet)
HPRegen  0.27/turn              q - +3 ring of strength
MPRegen  0.11/turn              r - +2 ring of evasion

@: no status effects
A: horns 2, retaliatory headbutt
a: Renounce Religion, Heroism, Finesse


You were in the Dungeon.
You worshipped Okawaru.
Okawaru was extremely pleased with you.
You visited 1 branch

Inventory:

Hand Weapons
 a - a +0 long sword
 g - a +1 vorpal scimitar (weapon)
 m - a +2 scimitar of holy wrath
Armour
 b - a +0 plate armour (worn)
 c - a +0 kite shield (worn)
 n - a +0 pair of boots (worn)
 o - a +1 chain mail
 p - a +0 cloak (worn)
Jewellery
 q - a +3 ring of strength (left hand)
 r - a +2 ring of evasion (right hand)
Wands
 l - a wand of iceblast (10)
Scrolls
 j - 2 scrolls of blinking
 t - 2 scrolls of fear
 u - 4 scrolls of enchant armour
 v - a scroll of fog
Potions
 d - a potion of invisibility
 e - 4 potions of curing
 f - 3 potions of heal wounds
 h - 4 potions of magic
 i - 2 potions of resistance
 k - a potion of haste
 s - a potion of flight


   Skills:
 - Level 14.2 Fighting
 - Level 13.5 Long Blades
 + Level 18.7 Armour
 - Level 3.6 Shields


You had 9 spell levels left.
You didn't know any spells.
Your spell library was empty.

Dungeon Overview and Level Annotations

Branches:
Dungeon (1/1)

Altars:
Cheibriados
Dithmenos
Elyvilon
Fedhas
Gozag
Hepliaklqana
Kikubaaqudgha
Makhleb
Nemelex Xobeh
Okawaru
Qazlal
Ru
Sif Muna
Trog
Uskayaw
Vehumet
Wu Jian
Xom
Yredelemnul
Zin
The Shining One
Beogh
Jiyva
Lugonu


Innate Abilities, Weirdness & Mutations

You have a pair of horns on your head.
You reflexively headbutt those who attack you in melee.


Message History

You kill the yak!
Okawaru accepts your kill. Something appears at your feet!
You see here a +3 battleaxe of freezing.
Okawaru grants you a weapon!
The bullfrog hits you but does no damage.
You have reached level 10!
You closely miss the bullfrog. You headbutt the bullfrog!
The bullfrog is heavily wounded.
You block the bullfrog's attack.
You hit the bullfrog. You headbutt the bullfrog.
The bullfrog is heavily wounded.
The bullfrog hits you but does no damage.
The bullfrog hits you.
* * * LOW HITPOINT WARNING * * *
You hit the bullfrog but do no damage. You headbutt the bullfrog!
The bullfrog is almost dead.
You block the bullfrog's attack.
You slash the bullfrog!
You kill the bullfrog!
Okawaru accepts your kill. The bullfrog barely misses you.
You riposte.
You slice the bullfrog!!
You kill the bullfrog!
Okawaru accepts your kill.
You slash the black mamba! Your headbutt misses the black mamba.
The black mamba is heavily wounded.
The black mamba bites you!
* * * LOW HITPOINT WARNING * * *
You are lethally poisoned!
The black mamba poisons you!
You hit the black mamba. You headbutt the black mamba.
The black mamba is severely wounded.
* * * LOW HITPOINT WARNING * * *
You feel very sick. You block the black mamba's attack.
The black mamba bites you but does no damage.
You feel better. The black mamba bites you!
* * * LOW HITPOINT WARNING * * *
The black mamba bites you!
You die...

▓▓▓▓▓▓▓▓▓▓▓▓▓▓▓▓▓▓▓▓▓▓▓▓
......S@.....|(.!...'...
▓▓▓▓▓▓▓▓▓▓▓▓▓▓▓▓▓▓▓▓▓▓▓▓▓▓▓▓▓▓▓▓▓
.................................
▓▓▓▓▓▓▓▓▓▓▓▓▓▓▓▓▓▓▓▓▓▓▓▓▓▓▓▓▓▓▓▓▓
____________________'.....).....)
▓▓▓▓▓▓▓▓▓▓▓▓▓▓▓▓▓▓▓▓▓▓▓▓▓▓▓▓▓▓▓▓▓


You could see a black mamba.

Vanquished Creatures
  A hydra (D)
  A centaur warrior (D)
  A skeletal warrior (D)
  A cane toad (D)
  2 gargoyles (D)
  A komodo dragon (D)
  2 yaks (D)
  A basilisk (D)
  A water moccasin (D)
  An orc warrior (D)
  A necrophage (D)
  A gnoll sergeant (D)
  3 bullfrogs (D)
  3 howler monkeys (D)
  A hound (D)
  2 orc wizards (D)
  An adder zombie (D)
  A ball python (D)
  A goblin (D)
  A quokka (D)
  2 bats (D)
  A frilled lizard (D)
30 creatures vanquished.

Notes
Turn   | Place    | Note
-------+----------+-------------------------------------------
     0 | D        | arson the Minotaur Fighter began the quest for the Orb.
     0 | D        | Reached XP level 1. HP: 19/19 MP: 0/0
    34 | D        | Noticed a necrophage
    34 | D        | Noticed an orc wizard
    34 | D        | Noticed a howler monkey
    34 | D        | Noticed a hound
    36 | D        | Killed a hound
    37 | D        | Reached skill level 5 in Fighting
    37 | D        | Reached XP level 2. HP: 29/29 MP: 1/1
    37 | D        | Reached XP level 3. HP: 36/36 MP: 2/2
    42 | D        | Reached XP level 4. HP: 44/45 MP: 3/3
    47 | D        | Killed a necrophage
    48 | D        | Reached XP level 5. HP: 56/56 MP: 4/4
    54 | D        | Found a snail-covered altar of Cheibriados.
    54 | D        | Found a shadowy altar of Dithmenos.
    54 | D        | Found a white marble altar of Elyvilon.
    54 | D        | Found a blossoming altar of Fedhas.
    54 | D        | Found an opulent altar of Gozag.
    55 | D        | Found a hazy altar of Hepliaklqana.
    56 | D        | Found a viscous altar of Jiyva.
    57 | D        | Found an ancient bone altar of Kikubaaqudgha.
    58 | D        | Found a corrupted altar of Lugonu.
    59 | D        | Found a burning altar of Makhleb.
    60 | D        | Found a sparkling altar of Nemelex Xobeh.
    61 | D        | Found an iron altar of Okawaru.
    62 | D        | Found a stormy altar of Qazlal.
    63 | D        | Found a sacrificial altar of Ru.
    64 | D        | Found a shimmering blue altar of Sif Muna.
    65 | D        | Found a bloodstained altar of Trog.
    66 | D        | Found a hide-covered altar of Uskayaw.
    67 | D        | Found a radiant altar of Vehumet.
    68 | D        | Found an ornate altar of the Wu Jian Council.
    69 | D        | Became a worshipper of Warmaster Okawaru
    70 | D        | Found a shimmering altar of Xom.
    71 | D        | Found a basalt altar of Yredelemnul.
    72 | D        | Found a glowing silver altar of Zin.
    73 | D        | Found a glowing golden altar of the Shining One.
   129 | D        | Noticed a gargoyle
   129 | D        | Noticed a yak
   129 | D        | Noticed an orc warrior
   139 | D        | Killed an orc warrior
   140 | D        | Reached skill level 10 in Fighting
   140 | D        | Reached XP level 6. HP: 36/66 MP: 5/5
   143 | D        | Killed a yak
   149 | D        | Reached * piety under Okawaru
   155 | D        | Killed a gargoyle
   155 | D        | Reached ** piety under Okawaru
   156 | D        | Reached XP level 7. HP: 49/81 MP: 6/6
   363 | D        | Noticed a centaur warrior
   363 | D        | Noticed a basilisk
   363 | D        | Noticed a gargoyle
   363 | D        | Noticed a skeletal warrior
   381 | D        | Killed a skeletal warrior
   381 | D        | Reached *** piety under Okawaru
   382 | D        | Reached skill level 9 in Armour
   382 | D        | Reached XP level 8. HP: 11/89 MP: 4/7
   386 | D        | Killed a gargoyle
   387 | D        | Reached skill level 12 in Armour
   395 | D        | Killed a centaur warrior
   395 | D        | Reached **** piety under Okawaru
   396 | D        | Reached skill level 15 in Armour
   396 | D        | Reached XP level 9. HP: 36/95 MP: 5/8
   759 | D        | Noticed a komodo dragon
   759 | D        | Noticed a cane toad
   759 | D        | Noticed a six-headed hydra
   764 | D        | Killed an eight-headed hydra
   765 | D        | Reached skill level 17 in Armour
   767 | D        | Killed a cane toad
   771 | D        | Noticed a black mamba
   780 | D        | Killed a komodo dragon
   780 | D        | Reached ***** piety under Okawaru
   781 | D        | Reached skill level 18 in Armour
   792 | D        | Received a gift from Okawaru
   793 | D        | Reached XP level 10. HP: 31/103 MP: 9/9
   799 | D        | Slain by a black mamba

Illustrated notes

Levels and vault maps discovered:
D:        linesprint [early_d, line_temple, items_1, d_10, items_2, lair_1,
          lair_end, items_3, orc_1, orc_end, items_4, d_15, swamp_1, shoals_1,
          snake_1, spider_1, d_20, vaults_1, items_5, swamp_end, shoals_end,
          snake_end, spider_end, vaults_end, d_27, items_6, zot_1, zot_end,
          crypt_end, forest_end, elf_end, slime_end, tomb_end, abyss_end,
          pan_hell_end]

Skill      XL: |  1  2  3  4  5  6  7  8  9 |
---------------+----------------------------+-----
Long Blades    | 6 8 11 13 | 13.5
Fighting       | 5 6 8 10 14 | 14.2
Armour         | 9 15 18 | 18.7
Shields        | |  3.6

Action                   |  1- 3 |  4- 6 |  7- 9 | 10-12 || total
-------------------------+-------+-------+-------+-------++-------
Melee: Long sword        |    16 |     6 |       |       ||    22
       Headbutt          |     3 |     5 |    19 |     4 ||    31
       Scimitar          |       |    23 |    71 |     6 ||   100
Invok: Heroism           |       |       |     2 |       ||     2
  Use: Potion            |     1 |     1 |     3 |     1 ||     6
Armor: Scale mail        |     5 |     1 |       |       ||     6
       Chain mail        |       |     2 |     1 |       ||     3
       Plate armour      |       |       |    21 |     2 ||    23
Dodge: Dodged            |     9 |     5 |    21 |     1 ||    36
Block: Kite shield       |    10 |    10 |    23 |     3 ||    46
       Rpst.: Long sword |     3 |       |       |       ||     3
       Scimitar          |       |     1 |     6 |     1 ||     8

Table legend: (Time is in decaauts)
 A = Elapsed time spent in this place.
 B = Non-inter-level travel time spent in this place.
 C = Inter-level travel time spent in this place.
 D = Time resting spent in this place.
 E = Time spent auto-exploring this place.
 F = Levels seen in this place.
 G = Mean time per level.
                   A        B        C        D        E       F      G
               +--------+--------+--------+--------+--------+-----+--------+
         Total |    785 |    785 |      0 |     48 |    486 |   1 |  785.0 |
       Dungeon |    785 |    785 |      0 |     48 |    486 |   1 |  785.0 |
               +--------+--------+--------+--------+--------+-----+--------+

Top non-repeatable levels by time:
       D: 785 daAuts
